 Dungeon Crawl Stone Soup version 0.17.0-24-gcfadda4 (webtiles) character file.

19 oplop the Insei (level 2, 0/18 HPs)
             Began as an Octopode Transmuter on Nov 15, 2015.
             Slain by Terence
             ... wielding a +0 flail
              (3 damage)
             ... on level 2 of the Dungeon.
             The game lasted 00:00:57 (656 turns).

oplop the Insei (Octopode Transmuter)                Turns: 656, Time: 00:00:57

Health: 0/18       AC:  1    Str:  9    XL:     2   Next: 75%
Magic:  4/5        EV: 12    Int: 15    God:
Gold:   73         SH:  0    Dex: 12    Spells: 1 memorised, 4 levels left

rFire  . . .     SeeInvis .     j - +1 short sword (elec)
rCold  . . .     Clarity  .     (no shield)
rNeg   . . .     SustAt   .     (helmet restricted)
rPois  .         Gourm    .     (no amulet)
rElec  .         Spirit   .     (no ring)
rCorr  .         Warding  .     (no ring)
rMut   .         Stasis   .     (no ring)
MR     .....                    (no ring)
Stlth  ++........               (no ring)
                                (no ring)
                                (no ring)
                                (no ring)

@: appendage, not resistant to hostile enchantments, unstealthy
A: almost no armour, amphibious, 8 rings, constrict 8, tentacle spike 3,
camouflage 1, gelatinous body 1
a: End Transformation


You were on level 2 of the Dungeon.
You were not hungry.
One of your tentacles had a temporary spike.
You visited 1 branch of the dungeon, and saw 2 of its levels.

You collected 73 gold pieces.

Inventory:

Hand Weapons
 j - a +1 short sword of electrocution (weapon)
Missiles
 a - 33 arrows
Scrolls
 d - a scroll of remove curse {unknown}
 f - a scroll of amnesia {unknown}
 g - a scroll of teleportation {unknown}
 i - a scroll of identify {unknown}
Potions
 e - a potion of lignification {unknown}
 h - a potion of heal wounds {unknown}
Books
 b - a book of Changes

   Spells                             Type                      Level
   a - Beastly Appendage              Transmutation                1
   b - Sticks to Snakes               Transmutation                2
   c - Spider Form                    Transmutation/Poison         3
   d - Ice Form                       Ice/Transmutation            4
   e - Blade Hands                    Transmutation                5
Comestibles
 c - 2 bread rations


   Skills:
 + Level 1.1 Fighting
 - Level 2.0 Dodging
 - Level 3.3 Unarmed Combat
 + Level 2.4 Spellcasting
 + Level 2.2 Transmutations


You had 4 spell levels left.
You knew the following spells:

 Your Spells              Type           Power        Failure   Level  Hunger
a - Beastly Appendage     Trmt           #.....       12%         1    #......


Dungeon Overview and Level Annotations

Branches:
Dungeon (2/15)

Altars:

Annotations:
D:2 Terence


Innate Abilities, Weirdness & Mutations

You cannot wear most types of armour.
You are amphibious.
You can wear up to eight rings at the same time.
You can use your tentacles to constrict eight enemies at once.
Your skin changes colour to match your surroundings (Stealth).
Your rubbery body absorbs attacks (AC +1).
One of your tentacles bears a large vicious spike.


Message History

You hit Terence but do no damage.
You pierce Terence, but do no damage.
Terence is lightly wounded.
You constrict Terence.
Terence shouts, "ATTACK!!!"
Terence hits you with a flail!
You barely miss Terence.
You pierce Terence, but do no damage.
Your squeeze misses Terence.
Terence is lightly wounded.
You constrict Terence, but do no damage.
Terence hits you with a flail!
* * * LOW HITPOINT WARNING * * *
You hit Terence but do no damage. You squeeze Terence.
Terence is moderately wounded.
You constrict Terence, but do no damage.
Terence closely misses you.
Casting: Beastly Appendage
Confirm with . or Enter, or press ? or * to list all spells.
You extend your transformation's duration.
You constrict Terence. Terence hits you with a flail.
You die...

# #.# ##### ...# #.
#...# ....#
##..#..<#####.....#
#.......##.@@g....#
#..........##......
#.................<
#.......#####......
#.......# .....
##......# r#..
#......# # .
###....# .%##..


You could see Terence and a hobgoblin.

Vanquished Creatures
  2 giant geckos (D:1)
  4 bats (D:1)
  A giant cockroach (D:1)
  A hobgoblin (D:1)
  3 kobolds (D:1)
  A ball python (D:1)
  2 giant newts (D:1)
  2 goblins (D:1)
16 creatures vanquished.

Notes
Turn   | Place    | Note
--------------------------------------------------------------
     0 | D:1      | oplop the Octopode Transmuter began the quest for the Orb.
     0 | D:1      | Reached XP level 1. HP: 13/13 MP: 3/3
   184 | D:1      | Reached XP level 2. HP: 12/18 MP: 3/5
   599 | D:2      | Noticed Terence
   656 | D:2      | Slain by Terence

Action                   || total
-------------------------++-------
Melee: Unarmed           ||    23
       Short sword       ||    13
 Cast: Beastly Appendage ||    16
 Stab: Sleeping          ||     2
